 Dungeon Crawl Stone Soup version 0.30-a0-924-g0ad0bf95bc (webtiles) character file.

Game seed: 18162027803600785948

41251 ZappyNine the Thaumaturge (level 13, -3/103 HPs)
             Began as a Demonspawn Venom Mage on Mar 22, 2023.
             Was a High Priest of Vehumet.
             Slain by a death yak (10 damage)
             ... while petrified by a basilisk
             ... on level 5 of the Lair of Beasts.
             The game lasted 00:54:55 (22812 turns).

ZappyNine the Thaumaturge (Demonspawn Venom Mage)  Turns: 22812, Time: 00:54:55

Health: -3/103     AC: 13    Str: 11    XL:     13   Next: 79%
Magic:  31/39      EV:  2    Int: 28    God:    Vehumet [*****.]
Gold:   1000       SH:  0    Dex: 11    Spells: 15/39 levels left

rFire   . . .      SeeInvis .    p - staff of earth
rCold   . . .      Faith    .    (no shield)
rNeg    + + +      Spirit   .    t - +2 steam dragon scales
rPois   ∞          Reflect  +    (no helmet)
rElec   .          Rampage  .    N - +0 cloak
rCorr   .          Clarity  +    v - +0 pair of gloves
Will    .....                    (no boots)
Stlth   +++                      b - amulet of Dadoag {Reflect Drain Str+2 Int+2 SH+5 Stlth+}
HPRegen 0.37/turn                u - ring of magical power
MPRegen 0.26/turn                r - +4 ring of protection

@: petrified
A: foul stench 1, big brain 2, demonic magic 1, demonic touch 1, clarity, clumsy
1
a: Renounce Religion


You were on level 5 of the Lair of Beasts.
You worshipped Vehumet.
Vehumet was extremely pleased with you.
You visited 3 branches of the dungeon, and saw 16 of its levels.
You also visited: Sewer.

You collected 1000 gold pieces.

Inventory:

Hand Weapons
 x - a +2 dagger of flaming
Missiles
 B - 4 throwing nets
Armour
 d - a scarf of invisibility
 t - +2 steam dragon scales (worn)
 v - a +0 pair of gloves (worn)
 N - a +0 cloak (worn)
 P - a +2 kite shield of protection
Magical Staves
 p - a staff of earth (weapon)
Jewellery
 b - the amulet of Dadoag (around neck) {Reflect Drain Str+2 Int+2 SH+5 Stlth+}
   (You found it on level 2 of the Lair of Beasts)

   [amulet of reflection]

   It reflects blocked missile attacks.
   Str:       It affects your strength (+2).
   Int:       It affects your intelligence (+2).
   Drain:     It drains your maximum health when unequipped.
   SH:        It affects your SH (+5).
   Stlth:     It makes you more stealthy.
 q - a +4 ring of slaying
 r - a +4 ring of protection (right hand)
 u - a ring of magical power (left hand)
 w - a ring of positive energy
 E - an amulet of guardian spirit
 G - a +6 ring of strength
 O - a ring of ice
Wands
 a - a wand of mindburst (9)
 y - a wand of paralysis (20)
 F - a wand of flame (20)
 I - a wand of polymorph (13)
 K - a wand of light (3)
Scrolls
 i - 2 scrolls of enchant weapon
 j - 3 scrolls of blinking
 m - a scroll of brand weapon
 o - 2 scrolls of identify
 s - 3 scrolls of poison
 z - a scroll of enchant armour
 C - 7 scrolls of teleportation
 J - a scroll of vulnerability
 L - 2 scrolls of fog
Potions
 c - 2 potions of heal wounds
 e - 2 potions of mutation
 f - 4 potions of curing
 g - 3 potions of invisibility
 h - a potion of cancellation {unknown}
 k - 7 potions of might
 l - 3 potions of haste
 n - a potion of degeneration
 A - a potion of flight
 D - 4 potions of resistance
 H - 3 potions of berserk rage
 M - a potion of lignification {unknown}


   Skills:
 - Level 10.1 Fighting
 - Level 7.0 Dodging
 - Level 1.7 Stealth
 + Level 13.9 Spellcasting
 + Level 12.4 Conjurations
 - Level 0.8 Transmutations
 - Level 1.7 Air Magic
 - Level 4.0 Earth Magic
 - Level 5.0 Poison Magic
 - Level 3.5 Evocations


You had 15 spell levels left.
You knew the following spells:

 Your Spells              Type           Power      Damage    Failure   Level
a - Olgreb's Toxic Radia  Pois           47%        N/A       1%          4
b - Poisonous Vapours     Pois/Air       76%        N/A       1%          2
c - Sandblast             Erth           100%       2d20      1%          1
d - Mephitic Cloud        Conj/Pois/Air  53%        N/A       1%          3
e - Stone Arrow           Conj/Erth      100%       3d13      1%          3
f - Ignite Poison         Fire/Tmut/Pois 30%        N/A       1%          3
g - Kindle Blastsparks    Fire/Tloc/Air  44%        2d13      1%          3
h - Irradiate             Conj/Tmut      27%        3d20      1%          5

Your spell library contained the following spells:

 Spells                   Type           Power      Damage    Failure   Level
 Conjure Ball Lightning   Conj/Air       28%        3x3d8     6%          6
 Beastly Appendage        Tmut           48%        N/A       1%          1
 Kiss of Death            Conj/Necr      100%       2d13      1%          1
 Sting                    Tmut/Pois      100%       1d8       1%          1
 Cigotuvi's Dreadful Rot  Necr/Pois/Air  64%        N/A       1%          2
 Passwall                 Tmut/Erth      40%        N/A       1%          2
 Dazzling Flash           Conj/Hex       100%       N/A       1%          3
 Wereblood                Tmut           24%        N/A       2%          2
 Spider Form              Tmut/Pois      36%        N/A       2%          3
 Freezing Cloud           Conj/Ice/Air   23%        6-21      3%          5
 Lesser Beckoning         Tloc           38%        N/A       4%          2
 Vhi's Electric Charge    Tloc/Air       48%        N/A       5%          3
 Confusing Touch          Hex            19%        N/A       9%          3
 Petrify                  Tmut/Erth      49%        N/A       10%         4
 Dispel Undead            Necr           19%        3d11      26%         4
 Manifold Assault         Tloc           19%        N/A       26%         4
 Passage of Golubria      Tloc           19%        N/A       26%         4
 Silence                  Hex/Air        12%        N/A       45%         5
 Agony                    Necr           19%        N/A       58%         5
 Metabolic Englaciation   Hex/Ice        9%         N/A       58%         5
 Summon Forest            Summ/Tloc      9%         N/A       58%         5
 Summon Mana Viper        Hex/Summ       19%        N/A       58%         5
 Statue Form              Tmut/Erth      32%        N/A       83%         6
 Death Channel            Necr           9%         N/A       99%         6
 Simulacrum               Ice/Necr       9%         N/A       99%         6
 Summon Cactus Giant      Summ           9%         N/A       99%         6
 Infestation              Necr           9%         N/A       100%        8


Dungeon Overview and Level Annotations

Branches:
Dungeon (10/15)            Temple (1/1) D:5            Lair (5/5) D:10
  Swamp (0/4) Lair:2       Spider (0/4) Lair:2          Orc (0/2) D:10
  Sewer (visited)
  Slime: Lair:4-5

Altars:
Ashenzari
Cheibriados
Dithmenos
Fedhas
Gozag
Hepliaklqana
Kikubaaqudgha
Makhleb
Nemelex Xobeh
Okawaru
Qazlal
Ru
Sif Muna
Trog
Uskayaw
Vehumet
Wu Jian
Xom
Yredelemnul

Shops:
D:1 **:=*   D:5 ?   D:6 (   D:7 [

Portals:
Trove: D:10 (give 5 potions of resistance)

Annotations:
D:4 1 runed translucent door, Crazy Yiuf


Innate Abilities, Weirdness & Mutations

You may rarely emit foul miasma when damaged in melee.
You have an extremely huge brain. (Int +4)
Spells you cast may paralyse adjacent enemies.
Your touch may inflict minor irresistible damage on your foes.
You possess an exceptional clarity of mind.
You are clumsy. (Dex -2)


Message History

You emit a cloud of foul miasma!
The catoblepas is engulfed in blazing flames.
The blink frog hits you.
* * * LOW HITPOINT WARNING * * *
You are engulfed in calcifying dust.
The komodo dragon is engulfed in calcifying dust.
The cane toad stings you. The blink frog hits you.
* * * LOW HITPOINT WARNING * * *
The blink frog blinks!
The sea snake is engulfed in dark miasma.
The sea snake is poisoned.
The sea snake bites you but does no damage.
The komodo dragon is engulfed in calcifying dust.
The death yak gores you!
* * * LOW HITPOINT WARNING * * *
You are engulfed in calcifying dust.
The cane toad stings you but does no damage.
The komodo dragon is engulfed in calcifying dust.
The sea snake is engulfed in dark miasma.
The sea snake looks even sicker.
The sea snake bites you.
* * * LOW HITPOINT WARNING * * *
The catoblepas breathes a plume of calcifying dust at you.
The blast of calcifying dust hits the sea snake.
The sea snake dies!
The blast of calcifying dust hits you but does no damage.
The death yak gores you.
The death yak gores you but does no damage.
The death yak gores you!
* * * LOW HITPOINT WARNING * * *
The komodo dragon is engulfed in calcifying dust.
You are engulfed in calcifying dust.
The blink frog blinks!
The cane toad stings you.
* * * LOW HITPOINT WARNING * * *
The basilisk gazes at you.
You easily resist.
The komodo dragon is engulfed in calcifying dust.
The death yak barely misses you. The death yak gores you!
* * * LOW HITPOINT WARNING * * *
The death yak gores you!!
You die... ~~~~~~ # . ..~ ~ ##..~.#. ......## . ..#...# ... #.lYl

.....#l§##
#lY@F#
##YY##
##.. ....
#?.#.
..#§##
P$.. .....


You could see 3 death yaks, a catoblepas, 2 komodo dragons, a cane toad and 2
basilisks.

Vanquished Creatures
  Josephine (Lair:4)
  Fannar (Lair:2)
  2 hydras
  6 death yaks (Lair:3)
  Urug (D:10)
  A fire crab (D:10)
  Nergalle (D:10)
  A pharaoh ant (Lair:2)
  A skyshark (Lair:4)
  A bog body (Lair:2)
  5 lindwurms
  A cyclops (D:7)
  A manticore (D:9)
  13 elephants
  4 black mambas
  6 cane toads
  Maggie (D:9)
  A freezing wraith (D:9)
  3 rime drakes
  4 komodo dragons
  2 trolls
  2 hornets
  16 blink frogs
  2 polar bears
  Sigmund (D:3)
  A jumping spider (Lair:2)
  3 shadows
  6 wraiths
  3 basilisks
  2 wyverns
  29 yaks
  2 redbacks (Lair:2)
  2 steam dragons
  2 acid dragons (D:9)
  11 water moccasins
  2 sky beasts (D:7)
  4 orc warriors
  4 ice beasts
  3 black bears
  3 ogres
  11 wolves
  A centaur (D:7)
  11 kobold brigands
  15 bullfrogs
  A gnoll sergeant (D:9)
  3 scorpions
  12 killer bees
  4 vampire bats (Lair:4)
  A howler monkey (D:7)
  An electric eel (Lair:1)
  3 hounds
  4 jellies (D:7)
  6 orc priests
  2 gnoll boudas
  2 sleepcaps
  3 iguanas
  11 orc wizards
  Ijyb (D:3)
  13 adders
  13 gnolls
  4 river rats
  3 shadow imps
  2 white imps
  2 ufetubi
  3 dart slugs
  5 worms
  43 orcs
  6 ball pythons
  11 bats
  13 endoplasms
  3 giant cockroaches
  5 goblins
  3 hobgoblins
  3 jackals (D:4)
  26 kobolds
  A quokka (D:4)
  6 frilled lizards
  10 rats
422 creatures vanquished.

Vanquished Creatures (others)
  A sea snake (Lair:5)
  An orc priest (D:7)
  A bush (Lair:5)
  26 fungi
  48 plants
  9 withered plants (Lair:5)
86 creatures vanquished.

Grand Total: 508 creatures vanquished

Notes
Turn   | Place    | Note
-------+----------+-------------------------------------------
     0 | D:1      | ZappyNine the Demonspawn Venom Mage began the quest for the
                  | Orb.
     0 | D:1      | Reached XP level 1. HP: 13/13 MP: 3/3
   300 | D:1      | Found Natoaq's Assorted Antiques.
   311 | D:1      | Found Rushek's General Store.
   370 | D:1      | Found Nackohom's Jewellery Emporium.
   411 | D:1      | Found Ujijaner's Book Boutique.
   418 | D:1      | Reached skill level 1 in Fighting
   534 | D:1      | Gained mutation: Your touch may inflict minor irresistible
                  | damage on your foes. [demonic ancestry]
   534 | D:1      | Reached XP level 2. HP: 21/21 MP: 3/5
   689 | D:1      | Learned a level 2 spell: Poisonous Vapours
   720 | D:1      | Found Vuluclos's Assorted Antiques.
   741 | D:1      | Learned a level 1 spell: Sandblast
  1698 | D:1      | Reached XP level 3. HP: 26/26 MP: 2/6
  1750 | D:1      | Reached skill level 1 in Earth Magic
  2441 | D:2      | Reached XP level 4. HP: 32/32 MP: 8/8
  3079 | D:3      | Noticed Sigmund
  3098 | D:3      | Killed Sigmund
  3099 | D:3      | Reached skill level 3 in Spellcasting
  3099 | D:3      | Gained mutation: You may rarely emit foul miasma when
                  | damaged in melee. [demonic ancestry]
  3099 | D:3      | Reached XP level 5. HP: 16/41 MP: 2/10
  3196 | D:3      | Found an ornate altar of the Wu Jian Council.
  3256 | D:3      | Found a stormy altar of Qazlal.
  3350 | D:3      | Reached skill level 4 in Spellcasting
  3350 | D:3      | Gained mutation: You have an unusually large brain. (Int
                  | +2) [demonic ancestry]
  3350 | D:3      | Reached XP level 6. HP: 47/47 MP: 5/12
  3429 | D:3      | Noticed Ijyb
  3437 | D:3      | Paralysed by Ijyb for 5 turns
  3448 | D:3      | Paralysed by Ijyb for 5 turns
  3449 | D:3      | Killed Ijyb
  4153 | D:4      | Learned a level 3 spell: Mephitic Cloud
  4383 | D:4      | Identified a scroll of acquirement
  4383 | D:4      | Acquired a staff of earth
  4464 | D:4      | Reached skill level 1 in Conjurations
  4464 | D:4      | Reached skill level 1 in Air Magic
  4464 | D:4      | Reached XP level 7. HP: 53/53 MP: 13/13
  4513 | D:4      | Learned a level 3 spell: Stone Arrow
  5095 | D:4      | Found a shimmering altar of Xom.
  5172 | D:4      | Found a runed translucent door.
  5173 | D:4      | Noticed Crazy Yiuf
  5325 | D:5      | Entered Level 5 of the Dungeon
  5326 | D:5      | Found a glowing drain.
  5401 | Sewer    | Entered a sewer
  6341 | Sewer    | Reached skill level 5 in Spellcasting
  6341 | Sewer    | Reached XP level 8. HP: 43/61 MP: 3/15
  6857 | Sewer    | Reached skill level 5 in Fighting
  7012 | D:5      | Found a staircase to the Ecumenical Temple.
  7261 | Temple   | Entered the Ecumenical Temple
  7350 | Temple   | Became a worshipper of Vehumet
  8015 | D:5      | Learned a level 4 spell: Olgreb's Toxic Radiance
  8209 | D:5      | Got the Essays on Despicable Spells
  8231 | D:5      | Found The Oracle's Delphic Readings.
  8624 | D:6      | Reached skill level 1 in Evocations
  8870 | D:6      | Reached * piety under Vehumet
  8870 | D:6      | Offered knowledge of Foxfire by Vehumet.
  8879 | D:6      | Reached XP level 9. HP: 48/68 MP: 11/17
  9199 | D:6      | Found Weleack's Antique Weapon Boutique.
  9238 | D:6      | Found an iron altar of Okawaru.
  9238 | D:6      | Found a burning altar of Makhleb.
  9827 | D:7      | Found Berepp's Armour Shop.
 10550 | D:7      | Reached skill level 5 in Poison Magic
 10695 | D:7      | Identified the +1 ring mail of the Hunter {Str+2}
 10720 | D:7      | Noticed a cyclops
 10741 | D:7      | Reached skill level 5 in Dodging
 11035 | D:7      | Reached ** piety under Vehumet
 11035 | D:7      | Offered knowledge of Shock by Vehumet.
 11036 | D:7      | Reached skill level 6 in Spellcasting
 11376 | D:7      | Reached XP level 10. HP: 75/79 MP: 8/19
 11440 | D:7      | Killed a cyclops
 12422 | D:8      | Gained mutation: You possess an exceptional clarity of
                  | mind. [potion of mutation]
 12422 | D:8      | Gained mutation: You are clumsy. (Dex -2) [potion of
                  | mutation]
 12620 | D:8      | Learned a level 3 spell: Ignite Poison
 12628 | D:8      | Found a basalt altar of Yredelemnul.
 12989 | D:9      | Reached skill level 7 in Spellcasting
 13128 | D:9      | Noticed Maggie
 13136 | D:9      | Killed Maggie
 13136 | D:9      | Offered knowledge of Scorch by Vehumet.
 13638 | D:9      | Got Sif Muna's Directory of Inhalation and the Traveller
 13690 | D:9      | Noticed a manticore
 13696 | D:9      | Killed a manticore
 14058 | D:9      | Reached *** piety under Vehumet
 14127 | D:9      | Reached skill level 8 in Spellcasting
 14640 | D:9      | Reached XP level 11. HP: 89/89 MP: 22/23
 14897 | D:9      | Learned a level 3 spell: Kindle Blastsparks
 14928 | D:10     | Entered Level 10 of the Dungeon
 14929 | D:10     | Identified the +3 arbalest "Nara" {heavy, rF+ rC+}
 14983 | D:10     | Found a portal to a secret trove of treasure.
 15232 | D:10     | Found a staircase to the Lair.
 15233 | D:10     | Noticed a fire crab
 15243 | D:10     | Killed a fire crab
 15243 | D:10     | Offered knowledge of Iskenderun's Mystic Blast by Vehumet.
 15365 | D:10     | Found a staircase to the Orcish Mines.
 15388 | D:10     | Noticed Nergalle
 15395 | D:10     | Killed Nergalle
 15501 | D:10     | Noticed Urug
 15506 | D:10     | Killed Urug
 15609 | D:10     | Reached skill level 9 in Spellcasting
 15871 | D:10     | Found a sacrificial altar of Ru.
 16282 | Lair:1   | Entered Level 1 of the Lair of Beasts
 16287 | Lair:1   | Reached skill level 10 in Fighting
 16415 | Lair:1   | Reached skill level 5 in Conjurations
 16684 | Lair:1   | Reached **** piety under Vehumet
 16685 | Lair:1   | Reached skill level 10 in Spellcasting
 17003 | Lair:1   | Found a bloodstained altar of Trog.
 17134 | Lair:1   | Gained mutation: You have an extremely huge brain. (Int +4)
                  | [demonic ancestry]
 17134 | Lair:1   | Reached XP level 12. HP: 97/97 MP: 20/26
 17671 | Lair:2   | Offered knowledge of Irradiate by Vehumet.
 17682 | Lair:2   | Reached skill level 11 in Spellcasting
 18164 | Lair:2   | Identified the amulet of Dadoag {Reflect Drain Str+2 Int+2
                  | SH+5 Stlth+}
 18166 | Lair:2   | Identified the +4 great sword "Neta" {venom, rElec rC+}
 18213 | Lair:2   | Learned a level 5 spell: Irradiate
 18320 | Lair:2   | Found a hole to the Spider Nest.
 18407 | Lair:2   | Found a snail-covered altar of Cheibriados.
 18643 | Lair:2   | Noticed Fannar
 18648 | Lair:2   | Killed Fannar
 18649 | Lair:2   | Reached skill level 12 in Spellcasting
 19137 | Lair:2   | Reached skill level 10 in Conjurations
 19376 | Lair:2   | Found a staircase to the Swamp.
 20206 | Lair:3   | Gained mutation: Spells you cast may paralyse adjacent
                  | enemies. [demonic ancestry]
 20206 | Lair:3   | Reached XP level 13. HP: 103/103 MP: 11/29
 20567 | Lair:3   | Reached ***** piety under Vehumet
 20568 | Lair:3   | Reached skill level 13 in Spellcasting
 21271 | Lair:4   | Noticed Josephine
 21272 | Lair:4   | Offered knowledge of Conjure Ball Lightning by Vehumet.
 21289 | Lair:4   | Killed Josephine
 22409 | Lair:5   | Entered Level 5 of the Lair of Beasts
 22812 | Lair:5   | Slain by a death yak

Illustrated notes

Levels and vault maps discovered:
D:1:      matt_arrival_los_fun, layout_basic, serial_corexii_hall,
          corexii_hall_statues_i, corexii_hall_statues_i,
          corexii_hall_statues_x, serial_shops, nicolae_shop_behind_doors, shop,
          shop, nicolae_square_shop, shop, minmay_tall_x
D:2:      layout_basic
D:3:      layout_basic, mainiacjoe_overflow_catwalk_spiral,
          supply_closet_lemuel, uniq_sigmund, uniq_ijyb
D:4:      layout_cave_pools, nicolae_elyvilon_temple_path,
          mainiacjoe_overflow_alcove_4, uniq_crazy_yiuf_cottage
D:5:      layout_rooms, temple_doors_e, portal_sewer_entry_a,
          minmay_misc_feat_roman, nicolae_nh_oracle_at_delphi
D:6:      layout_basic, gammafunk_temple_overflow_wave, serial_shops,
          nicolae_shop_statue_plus
D:7:      minmay_the_grid_square_5x5_3x3 [minmay_the_grid_square_5x5_minibox,
          minmay_the_grid_square_5x5_hourglass,
          minmay_the_grid_square_5x5_pentomino_r,
          minmay_the_grid_square_5x5_meh,
          minmay_the_grid_square_5x5_megaprize_hollow,
          minmay_the_grid_square_5x5_trominoes,
          minmay_the_grid_square_5x5_seven,
          minmay_the_grid_square_5x5_checkered_statues,
          minmay_the_grid_square_5x5_corner], layout_basic, serial_shops,
          nicolae_shop_competitors_out_of_business
D:8:      layout_loops_ring, lemuel_coloured_pillars_altar
D:9:      layout_roguey, minmay_shattered_shrine, uniq_maggie
D:10:     layout_loops_ring, nicolae_ru_sacrificial_ziggurat,
          minmay_lair_entry_lava, orc_0_dummy, nicolae_trove_entry_crystal,
          uniq_nergalle, uniq_urug
Temple:   zaba_magenta_temple
Lair:1:   layout_big_grid, basic_altar, grunt_megastairs_4, serial_bayou_shore_a
Lair:2:   layout_chaotic_city, skrybe_swamp_entry_bodies,
          nicolae_spider_entry_lesser_pyramids, basic_altar,
          nicolae_volcano_entry_s_turn, st_stairs_11, minmay_lindwurm_lava,
          lemuel_fruit_tree, uniq_fannar
Lair:3:   layout_roguey, grunt_megastairs_1
Lair:4:   layout_roguey, roderic_batcave, uniq_josephine
Lair:5:   gammafunk_lair_ancient_temple, layout_loops_ring, slime_entry_1,
          pdpol_lair_neglected_garden, infiniplex_staircase_pool_2

Skill      XL: |  1  2  3  4  5  6  7  8  9 10 11 12 13 |
---------------+----------------------------------------+-----
Fighting       | 1 3 4 5 7 9 10 | 10.1
Earth Magic    | 1 2 3 4 |  4.0
Spellcasting   | 3 4 5 6 8 10 12 13 | 13.9
Conjurations   | 1 3 4 7 10 12 | 12.4
Air Magic      | 1 |  1.7
Dodging        | 3 5 7 |  7.0
Evocations     | 2 3 |  3.5
Poison Magic   | 5 |  5.0
Stealth        | |  1.7
Transmutations | |  0.8

Action                     |  1- 3 |  4- 6 |  7- 9 | 10-12 | 13-15 || total
---------------------------+-------+-------+-------+-------+-------++-------
  Melee: Club              |    29 |       |       |       |       ||    29
         Unarmed           |     1 |       |       |       |       ||     1
         Touch             |     5 |    10 |    24 |    16 |     5 ||    60
         War axe           |    18 |     6 |       |       |       ||    24
         Dagger            |       |    40 |       |       |       ||    40
         Staff             |       |       |   118 |    87 |    23 ||   228
         Punch             |       |       |       |     2 |       ||     2
   Cast: Sting             |    30 |     2 |     7 |       |       ||    39
         Poisonous Vapours |    11 |    39 |    81 |    50 |     2 ||   183
         Sandblast         |     6 |    11 |     8 |     2 |     3 ||    30
         Stone Arrow       |       |       |    75 |    48 |    33 ||   156
         Mephitic Cloud    |       |       |    13 |    34 |    21 ||    68
         Olgreb's Toxic Ra |       |       |    37 |    71 |    18 ||   126
         Ignite Poison     |       |       |       |    51 |    19 ||    70
         Kindle Blastspark |       |       |       |    24 |       ||    24
         Irradiate         |       |       |       |     6 |     6 ||    12
    Use: Potion            |       |     1 |     2 |     3 |       ||     6
         Scroll            |       |     5 |    11 |    10 |     1 ||    27
   Stab: Sleeping          |     1 |       |       |       |     1 ||     2
         Confused          |       |       |     2 |       |       ||     2
         Paralysed         |       |       |       |       |     9 ||     9
 Armour: Robe              |     9 |     5 |    20 |       |       ||    34
         Steam dragon scal |       |       |    17 |    68 |    27 ||   112
  Dodge: Dodged            |    36 |    47 |   123 |   123 |    34 ||   363
  Block: Other             |       |       |       |     6 |    20 ||    26
         Reflection        |       |       |       |     1 |       ||     1

Table legend: (Time is in decaauts)
 A = Elapsed time spent in this place.
 B = Non-inter-level travel time spent in this place.
 C = Inter-level travel time spent in this place.
 D = Time resting spent in this place.
 E = Time spent auto-exploring this place.
 F = Levels seen in this place.
 G = Mean time per level.
                   A        B        C        D        E       F      G
               +--------+--------+--------+--------+--------+-----+--------+
         Total |  23075 |  22483 |    592 |   7975 |  11471 |  17 | 1357.4 |
       Dungeon |  14644 |  14166 |    478 |   4639 |   7735 |  10 | 1464.4 |
        Temple |    106 |     55 |     51 |      0 |     50 |   1 |  106.0 |
          Lair |   6576 |   6513 |     63 |   2564 |   3006 |   5 | 1315.2 |
         Sewer |   1747 |   1747 |      0 |    772 |    680 |   1 | 1747.0 |
               +--------+--------+--------+--------+--------+-----+--------+

Top non-repeatable levels by time:
     D:7: 2305 daAuts
  Lair:2: 2195 daAuts
     D:9: 1947 daAuts
   Sewer: 1747 daAuts
     D:1: 1736 daAuts
  Lair:4: 1593 daAuts
     D:5: 1513 daAuts
  Lair:1: 1396 daAuts
    D:10: 1354 daAuts
     D:2: 1286 daAuts
     D:4: 1264 daAuts
  Lair:3: 1246 daAuts
     D:6: 1224 daAuts
     D:3: 1068 daAuts
     D:8: 944 daAuts
